 Dungeon Sprint DCSS version 0.23.2-1-ga50397a6bc (webtiles) character file.

Game seed: 1652213711263392011

1117 Kobolds4U the Cleaver (level 8, -8/81 HPs)
             Began as a Minotaur Berserker on May 20, 2019.
             Was an Elder of Trog.
             Mangled by Snorg (21 damage)
             ... in the Dungeon (Sprint III: "The Ten Rune Challenge").
             The game lasted 00:03:31 (1422 turns).

Kobolds4U the Cleaver (Minotaur Berserker)          Turns: 1422, Time: 00:03:31

Health: -8/81      AC:  3    Str: 21    XL:     8   Next: 12%
Magic:  7/7        EV: 18    Int:  4    God:    Trog [****..]
Gold:   12         SH:  0    Dex: 13    Spells: 7/7 levels left

rFire    . . .     SeeInvis .   a - +0 hand axe
rCold    . . .     Gourm    .   (no shield)
rNeg     . . .     Faith    .   b - +0 animal skin
rPois    .         Spirit   .   (helmet restricted)
rElec    .         Reflect  .   (no cloak)
rCorr    .         Harm     .   u - +0 pair of gloves
MR       ++...     NoTele   +   (no boots)
Stlth    +.........             (no amulet)
HPRegen  1.23/turn              (no ring)
MPRegen  0.10/turn              (no ring)

@: regenerating
A: retaliatory headbutt, horns 2
a: Berserk, Trog's Hand, Brothers in Arms, Renounce Religion


You were in the Dungeon.
You worshipped Trog.
Trog was greatly pleased with you.
You were hungry.

You visited 1 branch You collected 12 gold pieces.

Inventory:

Hand Weapons
 a - a +0 hand axe (weapon)
Missiles
 v - 7 javelins of returning (quivered)
Armour
 b - a +0 animal skin (worn)
 k - a +2 robe of positive energy
 u - a +0 pair of gloves (worn)
Wands
 t - a wand of clouds (9)
Scrolls
 i - a scroll of blinking
 l - a scroll of holy word {unknown}
 m - a scroll of identify {unknown}
 n - a scroll of random uselessness {unknown}
 p - a scroll of torment {unknown}
 q - a scroll of magic mapping {unknown}
 r - a scroll of immolation {unknown}
Potions
 d - 2 potions of curing
 e - a potion of heal wounds
 f - 2 potions of haste
 g - 2 potions of magic
 h - a potion of berserk rage
 j - 4 potions of mutation {unknown}
 o - 3 potions of flight
Miscellaneous
 s - a lamp of fire
Comestibles
 c - 4 rations


   Skills:
 + Level 10.9 Fighting
 + Level 13.7 Axes
 * Level 5.7 Throwing
 - Level 2.7 Armour
 + Level 9.8 Dodging


You had 7 spell levels left.
You didn't know any spells.
Your spell library was empty.

Dungeon Overview and Level Annotations

Branches:
Dungeon (1/1)

Altars:
Cheibriados
Dithmenos
Elyvilon
Fedhas
Gozag
Hepliaklqana
Kikubaaqudgha
Makhleb
Nemelex Xobeh
Okawaru
Qazlal
Ru
Sif Muna
Trog
Uskayaw
Vehumet
Wu Jian
Xom
Yredelemnul
Zin
The Shining One
Beogh
Jiyva
Lugonu

Annotations:
D Snorg


Innate Abilities, Weirdness & Mutations

You reflexively headbutt those who attack you in melee.
You have a pair of horns on your head.


Message History

Aim: Snorg (black smoke, berserk, fast, unusually strong)
You throw a silver javelin.
The silver javelin completely misses Snorg.
You slash Snorg! You headbutt Snorg.
Snorg is lightly wounded.
Snorg misses you. You furiously retaliate!
You headbutt Snorg. Snorg claws you! Snorg claws you!!
You slash Snorg!
Snorg is lightly wounded.
Snorg barely misses you. Snorg claws you but does no damage.
Snorg barely misses you.
Your skin crawls.
You feel resistant to hostile enchantments.
You feel somewhat more hungry. Trog will no longer gift you weapons.
Snorg bites you!! Snorg claws you but does no damage.
Snorg completely misses you. Snorg bites you!
* * * LOW HITPOINT WARNING * * *
Snorg claws you!!
You die...

♣.############
♣♣.#___#___#__#
♣..#...#__.#._#
♣♣.###)#'###)##
...#..........#
♣..'.⌠........#
.♣.#...######'#
...#.⌠.#__#...#+###
...#...#__#...#.@§§
...#)###__#...#§#T§§
...#)::#__#...'.#§§§#
...#___#__+...#.#.(§#
▓▓▓▓▓▓▓▓▓▓▓▓▓▓▓▓▓▓▓▓


You could see Snorg (berserk).

Vanquished Creatures
  A deep elf mage (D)
  A shadow (D)
  A necrophage (D)
  A water elemental (D)
  A jelly (D)
  A wizard (D)
  Jessica (D)
  A necromancer (D)
  3 humans (D)
  A kobold demonologist (D)
  A phantom (D)
  3 rats (D)
16 creatures vanquished.

Vanquished Creatures (others)
  2 draconian scorchers (D)
  6 hellions (D)
  2 yaktaurs (D)
  An electric eel (D)
11 creatures vanquished.

Grand Total: 27 creatures vanquished

Notes
Turn   | Place    | Note
-------+----------+-------------------------------------------
     0 | D        | Kobolds4U the Minotaur Berserker began the quest for the
                  | Orb.
     0 | D        | Reached XP level 1. HP: 19/19 MP: 0/0
    53 | D        | Noticed Jessica
    57 | D        | Reached ** piety under Trog
    57 | D        | Reached skill level 4 in Axes
    59 | D        | Killed Jessica
    59 | D        | Reached skill level 5 in Fighting
    59 | D        | Reached skill level 6 in Axes
    59 | D        | Reached XP level 2. HP: 28/29 MP: 1/1
    67 | D        | Killed a yaktaur
    91 | D        | Reached XP level 3. HP: 17/36 MP: 2/2
   107 | D        | Killed a hellion
   121 | D        | Killed a hellion
   124 | D        | Killed a hellion
   135 | D        | Killed a hellion
   147 | D        | Killed a hellion
   189 | D        | Killed a white draconian scorcher
   191 | D        | Killed a hellion
   201 | D        | Killed a white draconian scorcher
   253 | D        | Killed a yaktaur
   303 | D        | Reached *** piety under Trog
   303 | D        | Received a gift from Trog
   456 | D        | Noticed a water elemental
   461 | D        | Killed a water elemental
   461 | D        | Reached skill level 8 in Axes
   461 | D        | Reached skill level 5 in Dodging
   461 | D        | Reached XP level 4. HP: 2/45 MP: 3/3
   832 | D        | Found a radiant altar of Vehumet.
   832 | D        | Found a deep blue altar of Sif Muna.
   832 | D        | Found an ancient bone altar of Kikubaaqudgha.
   832 | D        | Noticed a wizard
   834 | D        | Killed a wizard
   834 | D        | Reached skill level 9 in Axes
   837 | D        | Reached XP level 5. HP: 47/52 MP: 4/4
   866 | D        | Found a glowing silver altar of Zin.
   866 | D        | Found a glowing golden altar of the Shining One.
   866 | D        | Found a white marble altar of Elyvilon.
   867 | D        | Noticed a deep elf mage
   878 | D        | Killed a deep elf mage
   878 | D        | Reached **** piety under Trog
   878 | D        | Received a gift from Trog
   878 | D        | Reached skill level 12 in Axes
   878 | D        | Reached XP level 6. HP: 53/66 MP: 5/5
   878 | D        | Reached XP level 7. HP: 57/71 MP: 6/6
   944 | D        | Found a hide-covered altar of Uskayaw.
   944 | D        | Found a roughly hewn altar of Beogh.
   944 | D        | Found an iron altar of Okawaru.
   944 | D        | Found a bloodstained altar of Trog.
   944 | D        | Found an ornate altar of the Wu Jian Council.
   944 | D        | Noticed a human
   944 | D        | Noticed a human
   950 | D        | Killed a human
   950 | D        | Reached skill level 10 in Fighting
   950 | D        | Reached skill level 13 in Axes
   964 | D        | Killed a human
  1141 | D        | Found a basalt altar of Yredelemnul.
  1141 | D        | Found a shadowy altar of Dithmenos.
  1141 | D        | Found a sacrificial altar of Ru.
  1146 | D        | Received a gift from Trog
  1162 | D        | Noticed a shadow
  1168 | D        | Reached skill level 5 in Throwing
  1175 | D        | Killed a shadow
  1175 | D        | Reached ***** piety under Trog
  1175 | D        | Reached XP level 8. HP: 30/81 MP: 7/7
  1396 | D        | Found a blossoming altar of Fedhas.
  1396 | D        | Found a stormy altar of Qazlal.
  1396 | D        | Found a snail-covered altar of Cheibriados.
  1396 | D        | Found a burning altar of Makhleb.
  1396 | D        | Found a shimmering altar of Xom.
  1397 | D        | Found a hazy altar of Hepliaklqana.
  1397 | D        | Found an opulent altar of Gozag.
  1397 | D        | Found a sparkling altar of Nemelex Xobeh.
  1397 | D        | Found a corrupted altar of Lugonu.
  1397 | D        | Found a viscous altar of Jiyva.
  1418 | D        | Noticed Snorg
  1422 | D        | Mangled by Snorg

Skill      XL: |  1  2  3  4  5  6  7 |
---------------+----------------------+-----
Axes           | 6 8 9 12 13 | 13.7
Fighting       | 5 6 7 9 10 | 10.9
Dodging        | 3 4 5 6 8 9 |  9.8
Throwing       | 5 |  5.7
Armour         | |  2.7

Action                   |  1- 3 |  4- 6 |  7- 9 || total
-------------------------+-------+-------+-------++-------
Melee: Hand axe          |    21 |    11 |    39 ||    71
       Headbutt          |     8 |     4 |    11 ||    23
Throw: Javelin           |       |       |     3 ||     3
Invok: Trog's Hand       |       |       |     1 ||     1
  Eat: Chunk             |       |       |     1 ||     1
Armor: Animal skin       |     2 |       |     3 ||     5
Dodge: Dodged            |     9 |     6 |    19 ||    34
